 Dungeon Crawl Stone Soup version 0.30.0-20-g3615ddf2f0 (webtiles) character file.

Game seed: 14936523085018296036

28799 qw the Cleaver (level 13, -13/84 HPs)
             Began as a Gargoyle Fighter on June 1, 2023.
             Was a High Priest of Okawaru.
             Mangled by Rupert
             ... wielding a +0 great mace of protection
              (37 damage)
             ... on level 3 of the Lair of Beasts.
             The game lasted 00:08:28 (15477 turns).

qw the Cleaver (Gargoyle Fighter)                  Turns: 15477, Time: 00:08:28

Health: -13/84     AC: 34    Str: 24    XL:     13   Next: 41%
Magic:  16/19      EV:  9    Int: 12    God:    Okawaru [*****.]
Gold:   674        SH:  6    Dex:  9    Spells: 12/12 levels left

rFire   . . .        Y - +0 war axe
rCold   . . .        c - +0 buckler
rNeg    + . .        e - +1 plate armour
rPois   inf          s - +2 helmet
rElec   +            (no cloak)
rCorr   +            (no gloves)
SInv    .            f - +2 pair of boots
Will    .....        i - amulet of faith Stlth
                     k - ring "Poloiq" {Fly rCorr Int+2 Slay+4}
HPRegen 0.34/turn    (no ring)
MPRegen 0.16/turn

%: faith
@: heroic, finesse-ful, flying
A: sickness immunity, AC +9, negative energy resistance 1, electricity
resistance, torment resistance 1, petrification resistance
a: Renounce Religion, Heroism, Finesse, Duel


You were on level 3 of the Lair of Beasts.
You worshipped Okawaru.
Okawaru was extremely pleased with you.
You visited 3 branches of the dungeon, and saw 16 of its levels.

You collected 986 gold pieces.
You spent 312 gold pieces at shops.


Innate Abilities, Weirdness & Mutations

You are immune to sickness and miasma.
Your stone body is resilient. (AC +9)
You are immune to poison.
You resist negative energy. (rN+)
You are resistant to electric shocks. (rElec)
You are resistant to unholy torment.
You are immune to petrification.


   Skills:
 - Level 11.0(16.0) Fighting
 - Level 14.0(19.0) Axes
 - Level 3.6(8.6) Throwing
 + Level 9.6(14.6) Armour
 - Level 2.0(7.0) Dodging
 - Level 7.0(12.0) Shields
 + Level 8.8 Invocations


You had 12 spell levels left.
You didn't know any spells.
Your spell library was empty.

Inventory:

Hand Weapons
 h - a +0 morningstar
 Y - a +0 war axe (weapon)
Missiles
 q - 6 boomerangs (quivered)
Armour
 c - a +0 buckler (worn)
 e - a +1 plate armour (worn)
 f - a +2 pair of boots (worn)
 s - a +2 helmet (worn)
Jewellery
 i - an amulet of faith (around neck)
 k - the ring "Poloiq" (left hand) {Fly rCorr Int+2 Slay+4}
   (You found it on level 3 of the Lair of Beasts)

   [ring of slaying]

   Int:       It affects your intelligence (+2).
   Slay:      It affects your accuracy & damage with ranged weapons and melee
   (+4).
   Fly:       It grants you flight.
   rCorr:     It protects you from acid and corrosion.
Wands
 p - a wand of digging (7)
Scrolls
 b - 5 scrolls of identify
 r - a scroll of teleportation
Potions
 a - a potion of mutation
 d - 2 potions of might
 g - a potion of haste
 j - a potion of attraction
 l - 2 potions of curing
 n - a potion of resistance
 o - a potion of lignification
 v - a potion of cancellation

Dungeon Overview and Level Annotations

Branches:
Dungeon (11/15)            Temple (1/1) D:6            Lair (4/5) D:11
  Snake (0/4) Lair:3          Orc (0/2) D:10
  Swamp: Lair:2-3    Shoals: Lair:2-3     Slime: Lair:4-5

Altars:
Ashenzari
Cheibriados
Dithmenos
Elyvilon
Fedhas
Gozag
Hepliaklqana
Kikubaaqudgha
Makhleb
Nemelex Xobeh
Okawaru
Qazlal
Ru
Sif Muna
Trog
Uskayaw
Vehumet
Wu Jian
Xom
Yredelemnul
Zin
The Shining One

Shops:
D:1 =   D:6 !   D:11 :

Annotations:
D:10 3 runed translucent doors, qw's ghost, novice GrFi
Lair:3 Rupert


Message History

Rupert closely misses you.
You completely miss Rupert.
Rupert is moderately wounded.
You slash Rupert!
Rupert is moderately wounded.
Rupert hits you but does no damage.
You barely miss Rupert.
Rupert is moderately wounded.
You slash Rupert!
Rupert is moderately wounded.
Rupert hits you but does no damage.
You slice Rupert!!
Rupert is heavily wounded.
Rupert barely misses you.
You barely miss Rupert.
Rupert is heavily wounded.
You slash Rupert!
Rupert is heavily wounded.
Rupert hits you but does no damage.
You hit Rupert.
Rupert is heavily wounded.
You hit Rupert but do no damage.
Rupert is heavily wounded.
Rupert hits you with a +0 great mace of protection!
You slash Rupert!
Rupert is heavily wounded.
You hit Rupert but do no damage.
Rupert is heavily wounded.
Rupert hits you with a +0 great mace of protection.
You closely miss Rupert.
Rupert is heavily wounded.
You hit Rupert but do no damage.
Rupert is heavily wounded.
Rupert hits you with a +0 great mace of protection!!
You hit Rupert but do no damage.
Rupert is heavily wounded.
You hit Rupert.
Rupert is heavily wounded.
Rupert hits you with a +0 great mace of protection!!!
You die...

## #.. .### ##.
.... ## ## ...#
#.. ##..# ##
.... ##... .##
.....#...##...#
........#.#..##
#@@......##
......##%>.....#
(<... ##....#.#
...# #........
.. ......... #
.....[...
..........
.....#...#
.#....##..#


You could see Rupert (berserk).

Vanquished Creatures
  Harold (Lair:1)
  A catoblepas (Lair:2)
  3 hydras (Lair:2)
  A rakshasa (D:10)
  4 two-headed ogres
  A death yak (Lair:1)
  A skyshark (Lair:3)
  An oklob plant (D:11)
  A manticore (D:11)
  5 elephants (Lair:2)
  5 cane toads
  2 gargoyles
  5 komodo dragons
  A rime drake (Lair:1)
  A freezing wraith (D:10)
  3 polar bears
  A hornet (D:9)
  3 trolls
  2 shadows
  A vampire (D:10)
  A wyvern (Lair:3)
  2 wraiths (D:11)
  A basilisk (Lair:3)
  36 yaks
  A steam dragon (D:7)
  13 water moccasins
  2 acid dragons
  A sky beast (D:6)
  9 orc warriors
  4 ogres
  4 black bears
  22 wolves
  2 centaurs
  A phantom (D:5)
  A kobold brigand (D:8)
  5 bullfrogs
  A scorpion (D:6)
  5 wights (D:7)
  4 killer bees (D:8)
  3 howler monkeys
  An electric eel (D:11)
  4 jellies
  2 lava snakes (D:9)
  2 hounds
  9 orc priests
  A gnoll bouda (D:8)
  A sleepcap (D:6)
  2 iguanas (D:5)
  16 orc wizards
  8 gnolls
  11 adders
  A shadow imp (D:5)
  2 white imps
  2 dart slugs
  72 orcs
  4 bats
  6 endoplasms
  3 giant cockroaches
  9 goblins
  6 hobgoblins
  8 jackals
  3 quokkas
  4 ball pythons
  3 frilled lizards
  11 kobolds
  6 rats
358 creatures vanquished.

Vanquished Creatures (others)
  A howler monkey (D:7)
  An orc wizard (D:5)
2 creatures vanquished.

Grand Total: 360 creatures vanquished

Notes
Turn   | Place    | Note
-------+----------+-------------------------------------------
     0 | D:1      | qw the Gargoyle Fighter began the quest for the Orb.
     0 | D:1      | Reached XP level 1. HP: 14/14 MP: 1/1
     0 | D:1      | 0 ||| qw: Version: 0.2-a-102-gdf20003
     0 | D:1      | 0 ||| qw: Game counter: 723
     0 | D:1      | 0 ||| qw: Always use a shield: true
     0 | D:1      | 0 ||| qw: God list: Okawaru
     0 | D:1      | 0 ||| qw: Allow faded altars: false
     0 | D:1      | 0 ||| qw: Do Orc after D:15 true
     0 | D:1      | 0 ||| qw: Do second Lair branch before Depths: true
     0 | D:1      | 0 ||| qw: Lair rune preference: random
     0 | D:1      | 0 ||| qw: Plans: Normal, Zot:1-4, Slime:5, God:TSO, Crypt,
                  | Tomb, Pan, Hells, Abyss, Win
     0 | D:1      | 0 ||| PLANNING D:1-11
    41 | D:1      | Reached skill level 2 in Axes
   194 | D:1      | Reached XP level 2. HP: 12/19 MP: 2/2
   266 | D:1      | Found Yhuif's Jewellery Emporium.
   275 | D:1      | 275 ||| SHOPLISTING +5 ring of evasion (432 gold, have 26).
   275 | D:1      | 275 ||| SHOPLISTING amulet of faith (480 gold, have 26).
   275 | D:1      | 275 ||| SHOPLISTING amulet of guardian spirit (360 gold,
                  | have 26).
   275 | D:1      | 275 ||| SHOPLISTING amulet of regeneration (360 gold, have
                  | 26).
   275 | D:1      | 275 ||| SHOPLISTING ring of see invisible (180 gold, have
                  | 26).
   374 | D:1      | 374 ||| Stepping ~*~*~tactically~*~*~ (stealth).
   445 | D:1      | Reached skill level 3 in Axes
   502 | D:1      | Reached XP level 3. HP: 16/23 MP: 3/3
   638 | D:1      | Found a faded altar of an unknown god.
   746 | D:1      | 746 ||| UPGRADING to +0 pair of boots.
   751 | D:1      | 751 ||| UPGRADING to +0 chain mail.
   761 | D:1      | 761 ||| DROPPING +0 scale mail.
   762 | D:1      | 762 ||| UPGRADING to amulet of guardian spirit.
   767 | D:1      | 767 ||| READING scroll labelled NONOAHYXOU.
   768 | D:1      | 768 ||| READING scroll labelled TONASEUSIO.
   818 | D:2      | 818 ||| STAIRDANCE
   908 | D:2      | 908 ||| Stepping ~*~*~tactically~*~*~ (hiding).
  1016 | D:2      | 1016 ||| DROPPING +0 club.
  1345 | D:2      | Reached XP level 4. HP: 28/28 MP: 4/4
  1530 | D:2      | Reached skill level 4 in Axes
  1595 | D:2      | 1595 ||| READING scroll labelled LULISA DOKY.
  1596 | D:2      | 1596 ||| READING 3 scrolls labelled VOSOOM ASIV.
  1597 | D:2      | 1597 ||| READING 2 scrolls of enchant armour.
  1597 | D:2      | 1597 ||| ENCHANTING +0 pair of boots.
  1598 | D:2      | 1598 ||| READING scroll of enchant armour.
  1598 | D:2      | 1598 ||| ENCHANTING +1 pair of boots.
  1599 | D:2      | 1599 ||| READING scroll labelled ZORUSA PISU.
  1600 | D:2      | 1600 ||| READING scroll labelled UNEJOI LONE.
  1601 | D:2      | 1601 ||| READING scroll labelled JYANEU GUPE.
  1602 | D:2      | 1602 ||| DRINKING 2 dark potions.
  1603 | D:2      | 1603 ||| READING 2 scrolls of identify.
  1603 | D:2      | 1603 ||| IDENTIFYING brown potion
  1604 | D:2      | 1604 ||| DROPPING potion of berserk rage.
  1888 | D:3      | Reached XP level 5. HP: 31/32 MP: 3/5
  1977 | D:3      | 1977 ||| Stepping ~*~*~tactically~*~*~ (hiding).
  2021 | D:3      | 2021 ||| DROPPING +0 whip.
  2032 | D:3      | Found a shimmering blue altar of Sif Muna.
  2210 | D:3      | 2210 ||| READING scroll labelled GAVUIL QEATRIOR.
  2281 | D:4      | 2281 ||| DRINKING potion of curing.
  2281 | D:4      | 2281 ||| (to cure confusion)
  2287 | D:4      | Reached skill level 5 in Axes
  2307 | D:4      | Reached XP level 6. HP: 23/38 MP: 3/6
  2424 | D:4      | Noticed a black bear
  2431 | D:4      | Killed a black bear
  2514 | D:4      | Found a snail-covered altar of Cheibriados.
  2521 | D:4      | 2521 ||| Stepping ~*~*~tactically~*~*~ (stealth).
  2522 | D:4      | 2522 ||| Stepping ~*~*~tactically~*~*~ (stealth).
  2523 | D:4      | 2523 ||| Stepping ~*~*~tactically~*~*~ (stealth).
  2645 | D:4      | Found an ornate altar of the Wu Jian Council.
  2656 | D:4      | Reached skill level 6 in Axes
  2692 | D:4      | 2692 ||| Stepping ~*~*~tactically~*~*~ (stealth).
  2693 | D:4      | 2693 ||| Stepping ~*~*~tactically~*~*~ (stealth).
  2695 | D:4      | 2695 ||| Stepping ~*~*~tactically~*~*~ (stealth).
  2697 | D:4      | 2697 ||| Stepping ~*~*~tactically~*~*~ (stealth).
  2761 | D:4      | Reached skill level 1 in Dodging
  2991 | D:4      | 2991 ||| READING 2 scrolls of identify.
  2991 | D:4      | 2991 ||| IDENTIFYING grey potion
  3036 | D:5      | Entered Level 5 of the Dungeon
  3056 | D:5      | Reached XP level 7. HP: 43/43 MP: 7/7
  3115 | D:5      | 3115 ||| Stepping ~*~*~tactically~*~*~ (stealth).
  3268 | D:5      | HP: 10/43 [ogre/+0 giant spiked club (25)]
  3269 | D:5      | 3269 ||| DRINKING potion of heal wounds.
  3274 | D:5      | HP: 9/43 [ogre/+0 giant spiked club (30)]
  3275 | D:5      | HP: 1/43 [ogre/+0 giant spiked club (9)]
  3496 | D:5      | Reached skill level 7 in Axes
  3566 | D:5      | 3566 ||| Stepping ~*~*~tactically~*~*~ (stealth).
  3703 | D:5      | 3703 ||| Stepping ~*~*~tactically~*~*~ (stealth).
  3704 | D:5      | 3704 ||| Stepping ~*~*~tactically~*~*~ (stealth).
  3726 | D:5      | 3726 ||| Stepping ~*~*~tactically~*~*~ (stealth).
  3728 | D:5      | 3728 ||| Stepping ~*~*~tactically~*~*~ (stealth).
  3782 | D:5      | Reached skill level 1 in Throwing
  3782 | D:5      | Reached XP level 8. HP: 49/49 MP: 8/8
  3950 | D:5      | Found a blossoming altar of Fedhas.
  4042 | D:5      | 4042 ||| READING scroll labelled DIRACE KEFRE.
  4047 | D:5      | 4047 ||| READING scroll labelled ZOYSOZ VEXEI.
  4048 | D:5      | 4048 ||| READING 2 scrolls of identify.
  4048 | D:5      | 4048 ||| IDENTIFYING fuming dark potion
  4051 | D:6      | Found Kufeetse's Distillery.
  4054 | D:6      | 4054 ||| BUYING 2 potions of heal wounds (120 gold).
  4054 | D:6      | Bought 2 potions of heal wounds for 120 gold pieces
  4054 | D:6      | 4054 ||| BUYING potion of curing (36 gold).
  4054 | D:6      | Bought a potion of curing for 36 gold pieces
  4054 | D:6      | 4054 ||| BUYING potion of curing (36 gold).
  4054 | D:6      | Bought a potion of curing for 36 gold pieces
  4054 | D:6      | 4054 ||| BUYING potion of heal wounds (60 gold).
  4054 | D:6      | Bought a potion of heal wounds for 60 gold pieces
  4054 | D:6      | 4054 ||| BUYING potion of heal wounds (60 gold).
  4054 | D:6      | Bought a potion of heal wounds for 60 gold pieces
  4054 | D:6      | 4054 ||| SHOPLISTING potion of lignification (36 gold, have
                  | 13).
  4054 | D:6      | 4054 ||| SHOPLISTING potion of might (48 gold, have 13).
  4054 | D:6      | 4054 ||| SHOPLISTING potion of mutation (96 gold, have 13).
  4178 | D:6      | Reached skill level 8 in Axes
  4377 | D:6      | Reached skill level 6 in Fighting
  4427 | D:6      | 4427 ||| Stepping ~*~*~tactically~*~*~ (stealth).
  4704 | D:6      | Found a basalt altar of Yredelemnul.
  4709 | D:6      | 4709 ||| Stepping ~*~*~tactically~*~*~ (stealth).
  4709 | D:6      | Found a glowing golden altar of the Shining One.
  4719 | D:6      | Found a staircase to the Ecumenical Temple.
  4720 | D:6      | 4720 ||| PLANNING TEMPLE
  4720 | D:6      | 4720 ||| UPGRADING to +2 scale mail of fire resistance.
  4730 | D:6      | 4730 ||| DRINKING 2 red potions.
  4731 | D:6      | 4731 ||| DRINKING 2 fizzy ruby potions.
  4732 | D:6      | 4732 ||| DRINKING 3 potions of curing.
  4732 | D:6      | 4732 ||| (to cure confusion)
  4733 | D:6      | 4733 ||| READING 2 scrolls of identify.
  4733 | D:6      | 4733 ||| IDENTIFYING blue potion
  4734 | D:6      | 4734 ||| DROPPING potion of ambrosia.
  4740 | Temple   | Entered the Ecumenical Temple
  4741 | Temple   | 4741 ||| PLANNING OKAWARU WORSHIP
  4787 | Temple   | Became a worshipper of Warmaster Okawaru
  4787 | Temple   | 4787 ||| PLANNING D:1-11
  4788 | Temple   | 4788 ||| REMOVING amulet of guardian spirit.
  4793 | Temple   | 4793 ||| DROPPING amulet of guardian spirit.
  5176 | D:6      | Noticed an angel
  5307 | D:7      | Reached XP level 9. HP: 55/55 MP: 9/9
  5348 | D:7      | Reached skill level 9 in Axes
  5390 | D:7      | Reached * piety under Okawaru
  5530 | D:7      | 5530 ||| Stepping ~*~*~tactically~*~*~ (stealth).
  5714 | D:7      | 5714 ||| Stepping ~*~*~tactically~*~*~ (stealth).
  5720 | D:7      | Reached skill level 1 in Invocations
  5721 | D:7      | 5721 ||| Stepping ~*~*~tactically~*~*~ (stealth).
  5742 | D:7      | 5742 ||| Stepping ~*~*~tactically~*~*~ (stealth).
  5828 | D:7      | 5828 ||| DROPPING +0 hand axe of electrocution.
  5975 | D:7      | Found a burning altar of Makhleb.
  6151 | D:7      | 6151 ||| READING scroll labelled GEOR INWEMU.
  6193 | D:7      | 6193 ||| READING 2 scrolls of identify.
  6193 | D:7      | 6193 ||| IDENTIFYING inky potion
  6194 | D:7      | 6194 ||| DROPPING potion of degeneration.
  6226 | D:8      | 6226 ||| FLEEEEING.
  6227 | D:8      | 6227 ||| STAIRDANCE
  6275 | D:8      | 6275 ||| INVOKING Heroism.
  6280 | D:8      | 6280 ||| FLEEEEING.
  6281 | D:8      | 6281 ||| STAIRDANCE
  6403 | D:8      | 6403 ||| INVOKING Heroism.
  6405 | D:8      | Reached skill level 3 in Invocations
  6419 | D:8      | 6419 ||| INVOKING Heroism.
  6478 | D:8      | 6478 ||| INVOKING Heroism.
  6528 | D:8      | 6528 ||| FLEEEEING.
  6529 | D:8      | 6529 ||| FLEEEEING.
  6530 | D:8      | 6530 ||| FLEEEEING.
  6531 | D:8      | 6531 ||| STAIRDANCE
  6623 | D:8      | 6623 ||| INVOKING Heroism.
  6657 | D:8      | 6657 ||| Stepping ~*~*~tactically~*~*~ (stealth).
  6660 | D:8      | 6660 ||| Stepping ~*~*~tactically~*~*~ (hiding).
  6661 | D:8      | 6661 ||| INVOKING Heroism.
  6672 | D:8      | 6672 ||| Stepping ~*~*~tactically~*~*~ (stealth).
  6790 | D:8      | 6790 ||| INVOKING Heroism.
  6970 | D:8      | Noticed a two-headed ogre
  6971 | D:8      | 6971 ||| Stepping ~*~*~tactically~*~*~ (hiding).
  6972 | D:8      | 6972 ||| INVOKING Heroism.
  6980 | D:8      | Killed a two-headed ogre
  6981 | D:8      | Reached skill level 10 in Axes
  6981 | D:8      | Reached XP level 10. HP: 58/63 MP: 11/13
  7056 | D:8      | 7056 ||| Stepping ~*~*~tactically~*~*~ (hiding).
  7060 | D:8      | 7060 ||| INVOKING Heroism.
  7077 | D:8      | 7077 ||| Stepping ~*~*~tactically~*~*~ (hiding).
  7175 | D:8      | Found an ancient bone altar of Kikubaaqudgha.
  7252 | D:8      | 7252 ||| UPGRADING to +0 plate armour.
  7262 | D:8      | 7262 ||| DROPPING +0 chain mail.
  7263 | D:8      | 7263 ||| DROPPING ring of magical power.
  7351 | D:9      | Noticed a gargoyle
  7358 | D:9      | Killed a gargoyle
  7358 | D:9      | Reached ** piety under Okawaru
  7417 | D:9      | 7417 ||| INVOKING Heroism.
  7428 | D:9      | Reached skill level 6 in Armour
  7569 | D:9      | 7569 ||| FLEEEEING.
  7570 | D:9      | 7570 ||| FLEEEEING.
  7571 | D:9      | 7571 ||| FLEEEEING.
  7572 | D:9      | 7572 ||| FLEEEEING.
  7573 | D:9      | 7573 ||| FLEEEEING.
  7574 | D:9      | 7574 ||| FLEEEEING.
  7622 | D:9      | 7622 ||| INVOKING Heroism.
  7708 | D:9      | 7708 ||| INVOKING Heroism.
  7848 | D:9      | Found a hide-covered altar of Uskayaw.
  7945 | D:9      | 7945 ||| INVOKING Heroism.
  7958 | D:9      | 7958 ||| INVOKING Heroism.
  7961 | D:9      | HP: 16/64 [troll (3)]
  7962 | D:9      | 7962 ||| READING scroll of teleportation.
  7963 | D:9      | 7963 ||| DRINKING 4 potions of heal wounds.
  8037 | D:9      | 8037 ||| INVOKING Heroism.
  8115 | D:9      | 8115 ||| INVOKING Heroism.
  8216 | D:9      | 8216 ||| DROPPING ring of flight.
  8217 | D:9      | 8217 ||| READING 3 scrolls of identify.
  8217 | D:9      | 8217 ||| IDENTIFYING bubbling inky potion
  8218 | D:9      | 8218 ||| READING 2 scrolls of identify.
  8218 | D:9      | 8218 ||| IDENTIFYING metallic ruby potion
  8219 | D:9      | 8219 ||| DROPPING potion of brilliance.
  8229 | D:10     | Entered Level 10 of the Dungeon
  8279 | D:10     | 8279 ||| INVOKING Heroism.
  8285 | D:10     | Reached skill level 3 in Throwing
  8500 | D:10     | Noticed a two-headed ogre
  8501 | D:10     | 8501 ||| INVOKING Heroism.
  8512 | D:10     | Killed a two-headed ogre
  8605 | D:10     | 8605 ||| Stepping ~*~*~tactically~*~*~ (hiding).
  8624 | D:10     | 8624 ||| Stepping ~*~*~tactically~*~*~ (stealth).
  8626 | D:10     | 8626 ||| Stepping ~*~*~tactically~*~*~ (hiding).
  8628 | D:10     | 8628 ||| INVOKING Heroism.
  8652 | D:10     | 8652 ||| Stepping ~*~*~tactically~*~*~ (hiding).
  8653 | D:10     | 8653 ||| INVOKING Heroism.
  8655 | D:10     | Reached skill level 11 in Axes
  8656 | D:10     | HP: 7/64 [orc priest/divine providence (12)]
  8657 | D:10     | 8657 ||| DRINKING 4 potions of heal wounds.
  8659 | D:10     | 8659 ||| Stepping ~*~*~tactically~*~*~ (hiding).
  8661 | D:10     | 8661 ||| FLEEEEING.
  8662 | D:10     | 8662 ||| FLEEEEING.
  8663 | D:10     | 8663 ||| Stepping ~*~*~tactically~*~*~ (hiding).
  8664 | D:10     | 8664 ||| Stepping ~*~*~tactically~*~*~ (hiding).
  8682 | D:10     | 8682 ||| INVOKING Heroism.
  8684 | D:10     | HP: 13/64 [orc wizard/magic dart (6)]
  8685 | D:10     | 8685 ||| DRINKING 3 potions of heal wounds.
  8697 | D:10     | HP: 14/64 [orc/+0 trident (7)]
  8698 | D:10     | Reached XP level 11. HP: 15/68 MP: 12/14
  8698 | D:10     | 8698 ||| DRINKING 2 potions of heal wounds.
  8702 | D:10     | 8702 ||| INVOKING Heroism.
  8831 | D:10     | Found a staircase to the Orcish Mines.
  8929 | D:10     | 8929 ||| Stepping ~*~*~tactically~*~*~ (hiding).
  8930 | D:10     | 8930 ||| Stepping ~*~*~tactically~*~*~ (hiding).
  8944 | D:10     | 8944 ||| INVOKING Heroism.
  9138 | D:10     | Found a runed translucent gate.
  9138 | D:10     | Noticed qw's ghost (novice GrFi)
  9140 | D:10     | Found a runed translucent gate.
  9141 | D:10     | Found a runed translucent gate.
  9235 | D:10     | 9235 ||| Stepping ~*~*~tactically~*~*~ (stealth).
  9238 | D:10     | 9238 ||| Stepping ~*~*~tactically~*~*~ (stealth).
  9253 | D:10     | Reached skill level 9 in Fighting
  9270 | D:10     | 9270 ||| FLEEEEING.
  9271 | D:10     | 9271 ||| FLEEEEING.
  9272 | D:10     | 9272 ||| FLEEEEING.
  9273 | D:10     | 9273 ||| FLEEEEING.
  9274 | D:10     | 9274 ||| FLEEEEING.
  9275 | D:10     | 9275 ||| FLEEEEING.
  9276 | D:10     | 9276 ||| FLEEEEING.
  9277 | D:10     | 9277 ||| FLEEEEING.
  9278 | D:10     | 9278 ||| FLEEEEING.
  9279 | D:10     | 9279 ||| FLEEEEING.
  9280 | D:10     | 9280 ||| FLEEEEING.
  9281 | D:10     | 9281 ||| FLEEEEING.
  9282 | D:10     | 9282 ||| FLEEEEING.
  9283 | D:10     | 9283 ||| FLEEEEING.
  9284 | D:10     | 9284 ||| FLEEEEING.
  9285 | D:10     | 9285 ||| FLEEEEING.
  9286 | D:10     | 9286 ||| FLEEEEING.
  9287 | D:10     | 9287 ||| FLEEEEING.
  9288 | D:10     | 9288 ||| FLEEEEING.
  9289 | D:10     | 9289 ||| FLEEEEING.
  9290 | D:10     | 9290 ||| FLEEEEING.
  9291 | D:10     | 9291 ||| FLEEEEING.
  9322 | D:10     | 9322 ||| FLEEEEING.
  9323 | D:10     | 9323 ||| FLEEEEING.
  9324 | D:10     | 9324 ||| FLEEEEING.
  9325 | D:10     | 9325 ||| FLEEEEING.
  9326 | D:10     | 9326 ||| FLEEEEING.
  9327 | D:10     | 9327 ||| FLEEEEING.
  9328 | D:10     | 9328 ||| FLEEEEING.
  9329 | D:10     | 9329 ||| FLEEEEING.
  9330 | D:10     | 9330 ||| FLEEEEING.
  9331 | D:10     | 9331 ||| FLEEEEING.
  9332 | D:10     | 9332 ||| FLEEEEING.
  9333 | D:10     | 9333 ||| FLEEEEING.
  9334 | D:10     | 9334 ||| FLEEEEING.
  9335 | D:10     | 9335 ||| FLEEEEING.
  9339 | D:10     | 9339 ||| INVOKING Heroism.
  9533 | D:10     | Noticed a rakshasa
  9558 | D:10     | 9558 ||| INVOKING Heroism.
  9573 | D:10     | HP: 17/71 [rakshasa (illusionary)/+0 trident (4)]
  9574 | D:10     | 9574 ||| READING scroll of teleportation.
  9817 | D:10     | 9817 ||| INVOKING Heroism.
  9823 | D:10     | HP: 11/71 [rakshasa (illusionary)/+0 trident (16)]
  9824 | D:10     | 9824 ||| DRINKING potion of heal wounds.
  9836 | D:10     | HP: 15/71 [rakshasa/lance of force (9)]
  9844 | D:10     | Killed a rakshasa
 10048 | D:10     | 10048 ||| DROPPING +1 antimagic flail.
 10149 | D:10     | 10149 ||| INVOKING Heroism.
 10383 | D:10     | 10383 ||| UPGRADING to amulet of faith.
 10408 | D:11     | Found a burning altar of Makhleb.
 10408 | D:11     | Noticed a two-headed ogre
 10409 | D:11     | 10409 ||| INVOKING Heroism.
 10417 | D:11     | Killed a two-headed ogre
 10418 | D:11     | Reached skill level 12 in Axes
 10514 | D:11     | Found a staircase to the Lair.
 10517 | D:11     | Noticed a two-headed ogre
 10518 | D:11     | 10518 ||| INVOKING Heroism.
 10526 | D:11     | Killed a two-headed ogre
 10618 | D:11     | Noticed a manticore
 10619 | D:11     | 10619 ||| INVOKING Heroism.
 10633 | D:11     | Killed a manticore
 10753 | D:11     | Noticed an oklob plant
 10754 | D:11     | 10754 ||| INVOKING Heroism.
 10766 | D:11     | HP: 7/71 [oklob plant/splash of acid (34)]
 10767 | D:11     | 10767 ||| READING scroll of teleportation.
 10797 | D:11     | 10797 ||| FLEEEEING.
 10798 | D:11     | 10798 ||| FLEEEEING.
 10799 | D:11     | 10799 ||| FLEEEEING.
 10809 | D:11     | HP: 10/71 [something (10)]
 10810 | D:11     | 10810 ||| INVOKING Heroism.
 11008 | D:11     | 11008 ||| INVOKING Heroism.
 11018 | D:11     | Killed an oklob plant
 11019 | D:11     | Reached skill level 6 in Shields
 11111 | D:11     | 11111 ||| INVOKING Heroism.
 11140 | D:11     | Found a basalt altar of Yredelemnul.
 11141 | D:11     | 11141 ||| INVOKING Heroism.
 11229 | D:11     | 11229 ||| Stepping ~*~*~tactically~*~*~ (hiding).
 11238 | D:11     | 11238 ||| INVOKING Heroism.
 11314 | D:11     | Found Epyiron's Book Shop.
 11360 | D:11     | 11360 ||| Stepping ~*~*~tactically~*~*~ (hiding).
 11361 | D:11     | 11361 ||| Stepping ~*~*~tactically~*~*~ (hiding).
 11445 | D:11     | 11445 ||| DROPPING +2 hand axe of venom.
 11464 | D:11     | 11464 ||| Stepping ~*~*~tactically~*~*~ (stealth).
 11820 | D:11     | 11820 ||| PLANNING LAIR
 11820 | D:11     | 11820 ||| READING 2 scrolls of identify.
 11820 | D:11     | 11820 ||| IDENTIFYING viscous sapphire potion
 11821 | D:11     | 11821 ||| DROPPING potion of flight.
 11884 | Lair:1   | Entered Level 1 of the Lair of Beasts
 11988 | Lair:1   | 11988 ||| INVOKING Heroism.
 12023 | Lair:1   | Noticed Harold
 12024 | Lair:1   | 12024 ||| FLEEEEING.
 12025 | Lair:1   | 12025 ||| FLEEEEING.
 12026 | Lair:1   | 12026 ||| FLEEEEING.
 12027 | Lair:1   | 12027 ||| FLEEEEING.
 12034 | Lair:1   | 12034 ||| FLEEEEING.
 12035 | Lair:1   | 12035 ||| FLEEEEING.
 12036 | Lair:1   | 12036 ||| FLEEEEING.
 12037 | Lair:1   | 12037 ||| FLEEEEING.
 12038 | Lair:1   | 12038 ||| FLEEEEING.
 12039 | Lair:1   | 12039 ||| FLEEEEING.
 12040 | Lair:1   | 12040 ||| FLEEEEING.
 12041 | Lair:1   | 12041 ||| INVOKING Heroism.
 12061 | Lair:1   | Killed Harold
 12076 | Lair:1   | 12076 ||| INVOKING Heroism.
 12085 | Lair:1   | Reached XP level 12. HP: 62/78 MP: 13/15
 12288 | Lair:1   | 12288 ||| INVOKING Heroism.
 12307 | Lair:1   | Reached *** piety under Okawaru
 12477 | Lair:1   | 12477 ||| Stepping ~*~*~tactically~*~*~ (stealth).
 12489 | Lair:1   | 12489 ||| INVOKING Heroism.
 12520 | Lair:1   | Reached skill level 13 in Axes
 12532 | Lair:1   | 12532 ||| INVOKING Heroism.
 13050 | Lair:1   | 13050 ||| Stepping ~*~*~tactically~*~*~ (stealth).
 13051 | Lair:1   | 13051 ||| Stepping ~*~*~tactically~*~*~ (stealth).
 13062 | Lair:1   | Reached skill level 9 in Armour
 13062 | Lair:1   | Noticed a death yak
 13063 | Lair:1   | 13063 ||| INVOKING Heroism.
 13076 | Lair:1   | Killed a death yak
 13076 | Lair:1   | Reached **** piety under Okawaru
 13273 | Lair:1   | 13273 ||| Stepping ~*~*~tactically~*~*~ (stealth).
 13371 | Lair:1   | 13371 ||| INVOKING Heroism.
 13582 | Lair:1   | 13582 ||| UPGRADING to +2 helmet.
 13587 | Lair:1   | 13587 ||| READING scroll labelled AFAPU MUHE.
 13618 | Lair:2   | 13618 ||| PLANNING GAUNTLET
 13631 | Lair:2   | 13631 ||| INVOKING Heroism.
 13845 | Lair:2   | Noticed an eight-headed hydra
 13846 | Lair:2   | 13846 ||| INVOKING Heroism.
 13851 | Lair:2   | 13851 ||| SWAPPING to +0 morningstar.
 13852 | Lair:2   | Killed an eight-headed hydra
 13853 | Lair:2   | 13853 ||| SWAPPING to +0 war axe.
 13904 | Lair:2   | 13904 ||| INVOKING Heroism.
 13914 | Lair:2   | Reached skill level 6 in Invocations
 14029 | Lair:2   | Noticed a four-headed hydra
 14030 | Lair:2   | 14030 ||| INVOKING Heroism.
 14033 | Lair:2   | 14033 ||| SWAPPING to +0 morningstar.
 14039 | Lair:2   | Killed a four-headed hydra
 14040 | Lair:2   | Reached skill level 14 in Axes
 14040 | Lair:2   | 14040 ||| SWAPPING to +0 war axe.
 14149 | Lair:2   | 14149 ||| RIP GAUNTLET
 14152 | Lair:2   | 14152 ||| PLANNING LAIR
 14282 | Lair:2   | Noticed a catoblepas
 14283 | Lair:2   | 14283 ||| INVOKING Heroism.
 14306 | Lair:2   | Killed a catoblepas
 14306 | Lair:2   | Received a gift from Okawaru
 14307 | Lair:2   | Reached XP level 13. HP: 50/83 MP: 16/18
 14477 | Lair:2   | 14477 ||| Stepping ~*~*~tactically~*~*~ (stealth).
 14534 | Lair:2   | 14534 ||| FLEEEEING.
 14593 | Lair:2   | Reached ***** piety under Okawaru
 14629 | Lair:2   | 14629 ||| Stepping ~*~*~tactically~*~*~ (stealth).
 14632 | Lair:2   | 14632 ||| INVOKING Heroism.
 14744 | Lair:2   | 14744 ||| INVOKING Heroism.
 14749 | Lair:2   | 14749 ||| SWAPPING to +0 morningstar.
 14758 | Lair:2   | 14758 ||| SWAPPING to +0 war axe.
 15016 | Lair:2   | 15016 ||| READING scroll labelled BODOAC WALUCEN.
 15017 | Lair:2   | 15017 ||| DRINKING 2 ruby potions.
 15076 | Lair:3   | 15076 ||| Stepping ~*~*~tactically~*~*~ (stealth).
 15077 | Lair:3   | 15077 ||| Stepping ~*~*~tactically~*~*~ (stealth).
 15091 | Lair:3   | 15091 ||| INVOKING Heroism.
 15129 | Lair:3   | HP: 21/84 [komodo dragon (10)]
 15130 | Lair:3   | 15130 ||| READING 2 scrolls of teleportation.
 15131 | Lair:3   | 15131 ||| DRINKING potion of heal wounds.
 15136 | Lair:3   | Found a staircase to the Snake Pit.
 15142 | Lair:3   | 15142 ||| INVOKING Heroism.
 15332 | Lair:3   | Identified the ring "Poloiq" {Fly rCorr Int+2 Slay+4}
 15396 | Lair:3   | 15396 ||| READING scroll of enchant armour.
 15396 | Lair:3   | 15396 ||| ENCHANTING +0 plate armour.
 15397 | Lair:3   | You fall into a shaft and drop 1 floor!
 15398 | Lair:4   | 15398 ||| DROPPING +2 scale mail of fire resistance.
 15399 | Lair:4   | 15399 ||| UPGRADING to ring "Poloiq" {Fly rCorr Int+2
                  | Slay+4}.
 15415 | Lair:3   | 15415 ||| INVOKING Heroism.
 15423 | Lair:3   | Noticed Rupert
 15424 | Lair:3   | 15424 ||| INVOKING Finesse.
 15432 | Lair:3   | 15432 ||| DRINKING 3 potions of curing.
 15432 | Lair:3   | 15432 ||| (to cure confusion)
 15477 | Lair:3   | Mangled by Rupert

Levels and vault maps discovered:
D:1:      tarquinn_simple_flora_water_b, layout_basic,
          shapermc_ecumenical_altar_mp_vishouse, serial_shops, shop
D:2:      layout_loops_ring
D:3:      layout_rooms, mainiacjoe_overflow_chevrons,
          chequers_serial_rivers_micro_c, hex_large
D:4:      kennysheep_goblin_castle, layout_basic, kennysheep_slug_shrine,
          nicolae_wu_jian_immortal_techniques
D:5:      layout_basic, lemuel_round_altar
D:6:      layout_cave_pods, grunt_temple_overflow_holy_war,
          minmay_temple_entry_gardened_gates, serial_shops,
          nicolae_stop_n_shop_2
D:7:      layout_basic, makhleb_heckhound_becter
D:8:      layout_cave_pools, kiku_gazebo_garden_becter, special_room
          [special_room_orc], kennysheep_small_spiral
D:9:      layout_big_octagon, mainiacjoe_overflow_paths
D:10:     kennysheep_big_flooded_room, layout_loops_ring, david_orc_4,
          biasface_ghost_orc_armoury
D:11:     layout_roguey, dpeg_oklobed_lair, nicolae_stop_n_shop_2,
          nicolae_water_bricks, small_statue_intersection,
          hangedman_feature_mirror, grunt_decor_cap
Temple:   nicolae_temple_ecumenical_triangle
Lair:1:   layout_concentric_octagons, beast_lair_carwin_9, uniq_harold
Lair:2:   layout_roguey, gauntlet_entry_generic, dreamdust_mushroom_princess
Lair:3:   cheibrodos_lair_river_kwai, layout_misc_corridors,
          minmay_shoals_entry_lonely_mermaid, dummy_snake_entry,
          chequers_serial_rivers_micro_b, beast_lair_carwin_3, uniq_rupert
Lair:4:   layout_regular_city, slime_entry_1, gammafunk_ghost_arena,
          st_stairs_9, serial_bayou_pond_a

Skill      XL: |  1  2  3  4  5  6  7  8  9 10 11 12 13 |
---------------+----------------------------------------+-----
Axes           | 2 3 4 5 6 7 8 10 11 12 14 | 14.0
Fighting       | 4 5 6 7 8 10 11 | 11.0
Dodging        | 1 2 |  2.0
Throwing       | 1 2 3 |  3.6
Armour         | 4 7 8 9 |  9.6
Shields        | 4 5 6 7 |  7.0
Invocations    | 4 6 8 |  8.8

Action                     |  1- 3 |  4- 6 |  7- 9 | 10-12 | 13-15 || total
---------------------------+-------+-------+-------+-------+-------++-------
  Melee: War axe           |   100 |   176 |   338 |   781 |   240 ||  1635
         Morningstar       |       |       |       |     7 |     8 ||    15
  Throw: Boomerang         |       |    17 |    63 |    51 |    14 ||   145
         Javelin           |       |       |     1 |    18 |    10 ||    29
 Invoke: Heroism           |       |       |     8 |    41 |     5 ||    54
         Finesse           |       |       |       |       |     1 ||     1
    Use: Scroll            |     2 |    10 |     6 |     7 |     3 ||    28
         Potion            |       |     2 |     4 |     5 |     3 ||    14
 Armour: Scale mail        |    33 |       |   114 |    13 |       ||   160
         Chain mail        |    21 |   110 |   114 |       |       ||   245
         Plate armour      |       |       |       |   381 |   159 ||   540
  Dodge: Dodged            |    33 |    59 |   142 |   256 |    86 ||   576
  Block: Buckler           |    16 |    29 |    62 |   164 |    47 ||   318

Table legend:
 A = Non-vault XP
 B = Vault XP
 C = Vault XP percentage of total XP
 D = Non-vault monster count
 E = Vault monster count
 F = Vault count percentage of total count
                 A         B        C        D         E       F
            +---------+---------+-------+---------+---------+-------
      Total |   33658 |    7484 |  18.2 |     304 |      56 |  15.6
            +---------+---------+-------+---------+---------+-------
        D:1 |      38 |       0 |   0.0 |      24 |       0 |   0.0
        D:2 |      69 |       0 |   0.0 |      19 |       0 |   0.0
        D:3 |      93 |       0 |   0.0 |      16 |       0 |   0.0
        D:4 |     412 |       4 |   1.0 |      27 |       1 |   3.6
        D:5 |     649 |       0 |   0.0 |      21 |       0 |   0.0
        D:6 |     914 |       0 |   0.0 |      23 |       0 |   0.0
        D:7 |    1079 |      45 |   4.0 |      16 |       1 |   5.9
        D:8 |    2115 |     224 |   9.6 |      31 |      20 |  39.2
        D:9 |    1658 |       0 |   0.0 |      16 |       0 |   0.0
       D:10 |    3542 |    1950 |  35.5 |      18 |      20 |  52.6
       D:11 |    2300 |    1685 |  42.3 |      10 |       3 |  23.1
     Lair:1 |    7021 |    2505 |  26.3 |      36 |       6 |  14.3
     Lair:2 |    9895 |       0 |   0.0 |      32 |       0 |   0.0
     Lair:3 |    3873 |    1071 |  21.7 |      15 |       5 |  25.0
            +---------+---------+-------+---------+---------+-------
